 Dungeon Crawl Stone Soup version 0.31-a0-1169-gd935f9fcdc (webtiles) character file.

Game seed: 7193347440329015708

515 Grim the Cleaver (level 7, 57/57 HPs)
             Began as a Minotaur Fighter on Aug 18, 2023.
             Quit the game on level 4 of the Dungeon on Jan 21, 2024.
             The game lasted 00:06:58 (3365 turns).

Grim the Cleaver (Minotaur Fighter)                 Turns: 3365, Time: 00:06:58

Health: 57/57      AC: 10    Str: 22    XL:     7   Next: 0%
Magic:  6/6        EV:  8    Int:  5    God:
Gold:   210        SH:  0    Dex: 10    Spells: 6/6 levels left

rFire   . . .        a - +0 war axe
rCold   . . .        (no shield)
rNeg    . . .        o - +0 chain mail
rPois   .            (helmet restricted)
rElec   .            m - +0 cloak
rCorr   .            (no gloves)
SInv    .            (no boots)
Will    +....        (no amulet) Stlth
                     g - ring of willpower
HPRegen 0.29/turn    (no ring)
MPRegen 0.10/turn

%: no passive effects
@: no status effects
A: horns 2, retaliatory headbutt
a: no special abilities


You were on level 4 of the Dungeon.
You visited 1 branch of the dungeon, and saw 4 of its levels.

You collected 210 gold pieces.

Inventory:

Hand Weapons
 a - a +0 war axe (weapon)
Armour
 b - a +0 scale mail
 m - a +0 cloak (worn)
 o - a +0 chain mail (worn)
Jewellery
 g - a ring of willpower (left hand)
 h - a ring of positive energy
Wands
 p - a wand of charming (11)
Scrolls
 c - 2 scrolls of fog {unknown}
 e - a scroll of poison {unknown}
 f - 5 scrolls of teleportation {unknown}
 j - a scroll of enchant weapon {unknown}
 q - a scroll of revelation {unknown}
 r - a scroll of amnesia {unknown}
 t - a scroll of identify {unknown}
 u - a scroll of noise {unknown}
Potions
 d - a potion of might
 i - 2 potions of lignification {unknown}
 k - a potion of heal wounds {unknown}
 l - 2 potions of mutation {unknown}
 n - 2 potions of attraction {unknown}
 s - a potion of resistance {unknown}


   Skills:
 - Level 3.6 Fighting
 + Level 9.2 Axes
 - Level 3.6 Armour
 - Level 3.6 Shields


You had 6 spell levels left.
You didn't know any spells.
Your spell library was empty.

Dungeon Overview and Level Annotations

Branches:
Dungeon (4/15)
 Temple: D:4-7

Altars:
Elyvilon
Gozag
Makhleb

Shops:
D:2 :

Annotations:
D:4 Blork the orc


Innate Abilities, Weirdness & Mutations

You have a pair of horns on your head.
You reflexively headbutt those who attack you in melee.


Message History

No reachable target in view!
The orc shouts!
Blork the orc gestures at you while chanting.
The magic dart hits you.
An orc comes into view. It is wielding a +0 trident.
You slash the orc! You headbutt the orc.
You kill the orc!
No target in view!
You see here a +0 club.
An orc and an adder come into view.
The orc is wielding a +0 dagger and wearing a +0 chain mail of poison resistance.
The orc shouts!
The orc moves out of view.
Blork the orc looks satisfied for a moment.
You miss the adder. The adder barely misses you. You furiously retaliate!
You headbutt the adder. You slash the adder!
You kill the adder!
You have reached level 7!
The orc barely misses you.
You barely miss the orc. Your headbutt misses the orc.
The orc hits you but does no damage.
You barely miss the orc. Your headbutt misses the orc.
The orc barely misses you.
You slash the orc!
You kill the orc!
No reachable target in view!
No reachable target in view!
Level annotation: Blork the orc Options error: Unknown explore stop condition 'greedy_sacrificeable' (~/.crawlrc:142) Welcome back, Grim the Minotaur Fighter.
Press ? for a list of commands and other information.
Saving game... please wait.
Level annotation: Blork the orc Options error: Unknown explore stop condition 'greedy_sacrificeable' (~/.crawlrc:142) Welcome back, Grim the Minotaur Fighter.
Press ? for a list of commands and other information.
Are you sure you want to abandon this character and quit the game? (Confirm with "yes".)
Okay, then.
Are you sure you want to abandon this character and quit the game? (Confirm with "yes".)

...................#
.............###..#
......†.......##.######
..........[........#..####
.......................#.####
.......................#.....
..........##.##..............
..........#8.8#..............
............@................
...#......#8.8#).............
..###.....##.##..............
#.. .##.........................
#..........#....................
....###....##...................
#...#..............##..........
.........).........##..#.......
#........)..........#..##..#


There were no monsters in sight!

Vanquished Creatures
  The ghost of Ethylacetat the Ducker, an amateur OpGl (D:3)
  2 lemures (D:3)
  A jelly (D:4)
  2 hounds (D:3)
  An orc priest (D:4)
  Crazy Yiuf (D:3)
  2 orc wizards (D:3)
  Terence (D:3)
  6 adders
  7 gnolls
  A white imp (D:3)
  A worm (D:3)
  A dart slug (D:3)
  15 orcs
  5 ball pythons
  6 endoplasms
  2 giant cockroaches
  2 goblins
  7 hobgoblins
  4 quokkas
  7 bats
  5 frilled lizards
  3 kobolds
  6 rats
89 creatures vanquished.

Notes
Turn   | Place    | Note
-------+----------+-------------------------------------------
     0 | D:1      | Grim the Minotaur Fighter began the quest for the Orb.
     0 | D:1      | Reached XP level 1. HP: 19/19 MP: 0/0
    89 | D:1      | Reached skill level 3 in Axes
   157 | D:1      | Reached XP level 2. HP: 26/26 MP: 1/1
   544 | D:1      | Reached skill level 4 in Axes
   576 | D:1      | Reached XP level 3. HP: 28/31 MP: 2/2
   828 | D:2      | Found Vyptukur's Book Shop.
   881 | D:2      | Reached skill level 5 in Axes
  1078 | D:2      | Reached XP level 4. HP: 39/39 MP: 3/3
  1324 | D:3      | Reached skill level 6 in Axes
  1377 | D:3      | Found a large runed translucent door.
  1378 | D:3      | Found a large runed translucent door.
  1649 | D:3      | Found a runed translucent gate.
  1650 | D:3      | Found a runed translucent gate.
  1656 | D:3      | Found a runed translucent gate.
  1656 | D:3      | Found an opulent altar of Gozag.
  1660 | D:3      | Noticed Ethylacetat's ghost (amateur OpGl)
  1743 | D:3      | Reached XP level 5. HP: 45/45 MP: 4/4
  2067 | D:3      | Found a runed translucent door.
  2068 | D:3      | Noticed Crazy Yiuf
  2156 | D:3      | Noticed Terence
  2162 | D:3      | Killed Terence
  2163 | D:3      | Reached skill level 7 in Axes
  2373 | D:3      | Found a burning altar of Makhleb.
  2383 | D:3      | Found a white marble altar of Elyvilon.
  2464 | D:3      | Killed Crazy Yiuf
  2591 | D:4      | Noticed a lemure
  2604 | D:3      | Killed a lemure
  2662 | D:3      | Reached XP level 6. HP: 47/51 MP: 5/5
  2808 | D:3      | Reached skill level 8 in Axes
  2970 | D:3      | Upgraded the game from 0.31-a0-569-g7ea453304b to
                  | 0.31-a0-1169-gd935f9fcdc
  3002 | D:3      | Killed Ethylacetat's ghost
  3215 | D:4      | Reached skill level 9 in Axes
  3325 | D:4      | Noticed Blork the orc
  3355 | D:4      | Reached XP level 7. HP: 57/57 MP: 6/6
  3365 | D:4      | Quit the game

Illustrated notes

Levels and vault maps discovered:
D:1:      grunt_arrival_crossed_arrows, layout_loops_ring
D:2:      layout_rooms, serial_shops, nicolae_shop_trees,
          minmay_misc_feat_enclosed
D:3:      layout_basic, jmf_multi_god_temple2, ebering_ghost_gozag,
          serial_forest, infiniplex_forest_straight_3,
          infiniplex_forest_lined_room_2, infiniplex_forest_clump_double,
          infiniplex_forest_pool, infiniplex_forest_corner_1,
          uniq_crazy_yiuf_cottage, uniq_terence
D:4:      layout_cave_pools, mainiacjoe_overflow_brackets,
          small_statue_intersection, kennysheep_orc_chapel, uniq_blork_the_orc,
          uniq_pikel

Skill      XL: |  1  2  3  4  5  6 |
---------------+-------------------+-----
Axes           | 3 4 5 6 7 9 |  9.2
Fighting       | |  3.6
Armour         | |  3.6
Shields        | |  3.6

Action                     |  1- 3 |  4- 6 |  7- 9 || total
---------------------------+-------+-------+-------++-------
  Melee: War axe           |    57 |   146 |     3 ||   206
         Headbutt          |     7 |    25 |       ||    32
         Punch             |       |     2 |       ||     2
 Armour: Scale mail        |    35 |       |       ||    35
         Chain mail        |     3 |    97 |     1 ||   101
  Dodge: Dodged            |    27 |    73 |     2 ||   102
  Block: Buckler           |     7 |       |       ||     7

Table legend: (Time is in decaauts)
 A = Elapsed time spent in this place.
 B = Non-inter-level travel time spent in this place.
 C = Inter-level travel time spent in this place.
 D = Time resting spent in this place.
 E = Time spent auto-exploring this place.
 F = Levels seen in this place.
 G = Mean time per level.
                   A        B        C        D        E       F      G
               +--------+--------+--------+--------+--------+-----+--------+
         Total |   3412 |   3229 |    183 |    569 |   2021 |   4 |  853.0 |
       Dungeon |   3412 |   3229 |    183 |    569 |   2021 |   4 |  853.0 |
               +--------+--------+--------+--------+--------+-----+--------+

Top non-repeatable levels by time:
     D:3: 2004 daAuts
     D:1: 741 daAuts
     D:2: 450 daAuts
     D:4: 215 daAuts
